 Dungeon Crawl Stone Soup version 0.22-a0-157-g169b76a (webtiles) character file.

91 tilp the Ruffian (level 4, -1/44 HPs)
             Began as a Troll Monk on Feb 8, 2018.
             Slain by a worm (16 damage)
             ... on level 2 of the Dungeon on Feb 9, 2018.
             The game lasted 00:04:08 (1559 turns).

tilp the Ruffian (Troll Monk)                       Turns: 1559, Time: 00:04:08

Health: -1/44      AC:  5    Str: 20    XL:     4   Next: 33%
Magic:  3/3        EV: 10    Int:  6    God:
Gold:   98         SH:  0    Dex: 12    Spells: 3/3 levels left

rFire    . . .     SeeInvis .     - Unarmed
rCold    . . .     Gourm    +   (no shield)
rNeg     . . .     Faith    .   a - +0 robe
rPois    .         Spirit   .   (helmet restricted)
rElec    .         Reflect  .   (no cloak)
rCorr    .         Harm     .   (gloves unavailable)
MR       .....                  (boots unavailable)
Stlth    ++........             (no amulet)
HPRegen  0.54/turn              (no ring)
MPRegen  0.08/turn              (no ring)

@: no status effects
A: large, unfitting armour, claws 3, fast metabolism 3, gourmand, regeneration
1, shaggy fur 1, tough skin 2
a: no special abilities


You were on level 2 of the Dungeon.
You were very full.

You visited 1 branch of the dungeon, and saw 2 of its levels.

You collected 98 gold pieces.

Inventory:

Hand Weapons
 k - a +0 hunting sling
Missiles
 i - 14 stones
 m - 5 silver javelins (quivered)
 n - 36 sling bullets
Armour
 a - a +0 robe (worn)
Jewellery
 l - a +3 ring of evasion {unknown}
Scrolls
 c - a scroll of remove curse {unknown}
 d - a scroll of fear {unknown}
 f - a scroll of enchant weapon {unknown}
 g - a scroll of magic mapping {unknown}
Potions
 e - a potion of curing {unknown}
 h - a potion of haste {unknown}
Comestibles
 b - 3 rations
 j - 12 chunks of flesh


   Skills:
 - Level 2.4 Fighting
 - Level 2.4 Dodging
 - Level 1.0 Stealth
 + Level 5.2 Unarmed Combat


You had 3 spell levels left.
You didn't know any spells.

Dungeon Overview and Level Annotations

Branches:
Dungeon (2/15)

Altars:
Trog


Innate Abilities, Weirdness & Mutations

You are too large for most types of armour.
You have claws for hands.
Your metabolism is lightning-fast.
You like to eat raw meat.
Your natural rate of healing is unusually fast.
You are covered in fur. (AC +1)
You have very tough skin. (AC +2)


Message History

You scratch the worm.
The worm is moderately wounded.
You scratch the worm.
The worm is moderately wounded.
The worm barely misses you.
You claw the worm!
You kill the worm!
The worm closely misses you.
You barely miss the worm.
The moth of wrath goads the worm on!
The worm goes berserk!
You claw the worm!
The worm is moderately wounded.
The worm bites you!
You scratch the worm.
The worm is moderately wounded.
The worm bites you!!
You claw the worm!
The worm is severely wounded.
The worm bites you!
You die...

##.# ######.# #.#
#......# #.#
###......#
####'####........#
##.......##..####.#
##.........##.# #.#
#...........#.# #.#
#....###....#.# #.#
#..@##y##...#.# #.#
#..w.###....#.# #..
##.........##.# ###
#...._..))##.#
##......)##..#
###..)####### ####


You could see a moth of wrath and a worm (berserk).

Vanquished Creatures
  3 adders (D:2)
  An ooze (D:2)
  4 worms (D:2)
  2 dart slugs (D:1)
  A giant cockroach (D:1)
  4 goblins
  8 hobgoblins
  4 jackals (D:1)
  A quokka (D:2)
  3 ball pythons (D:2)
  3 bats (D:1)
  4 frilled lizards
  2 kobolds (D:2)
  7 rats
47 creatures vanquished.

Notes
Turn   | Place    | Note
-------+----------+-------------------------------------------
     0 | D:1      | tilp the Troll Monk began the quest for the Orb.
     0 | D:1      | Reached XP level 1. HP: 22/22 MP: 0/0
   209 | D:1      | Reached XP level 2. HP: 29/29 MP: 1/1
   478 | D:1      | Reached skill level 4 in Unarmed Combat
  1009 | D:2      | Reached XP level 3. HP: 26/36 MP: 2/2
  1411 | D:2      | Reached XP level 4. HP: 36/44 MP: 3/3
  1414 | D:2      | Reached skill level 5 in Unarmed Combat
  1497 | D:2      | Noticed a moth of wrath
  1499 | D:2      | Found a bloodstained altar of Trog.
  1559 | D:2      | Slain by a worm

Vault maps used:
D:1:      wheals_arrival_linesprint
D:2:      tgw_trog

Skill      XL: |  1  2  3  4 |
---------------+-------------+-----
Unarmed Combat | 4 5 |  5.2
Fighting       | |  2.4
Dodging        | |  2.4
Stealth        | |  1.0

Action                   |  1- 3 |  4- 6 || total
-------------------------+-------+-------++-------
Melee: Unarmed           |    97 |    23 ||   120
       Punch             |     1 |       ||     1
 Stab: Sleeping          |     4 |       ||     4
  Eat: Chunk             |    18 |     1 ||    19
Armor: Robe              |    41 |     3 ||    44
Dodge: Dodged            |    48 |     7 ||    55

Table legend:
 A = Spawn XP
 B = Non-spawn XP
 C = Spawn XP percentage of total XP
 D = Spawn monster count
 E = Non-spawn monster count
 F = Spawn count percentage of total count
 G = Total turns spent on level
                    A         B        C        D         E        F      G
               +---------+---------+-------+---------+---------+-------+---------
         Total |       0 |     130 |   0.0 |       0 |      47 |   0.0 |  1559
               +---------+---------+-------+---------+---------+-------+---------
           D:1 |       0 |      39 |   0.0 |       0 |      21 |   0.0 |   933
           D:2 |       0 |      91 |   0.0 |       0 |      26 |   0.0 |   626
               +---------+---------+-------+---------+---------+-------+---------
